 Dungeon Crawl Stone Soup version 0.29-a0-355-g7276a9ff7f (webtiles) character file.

Game seed: 10303764763326278822

118106 Ijustatesigmund the Arsonist (level 16, -2/86 (88) HPs)
             Began as a Deep Elf Fire Elementalist on Apr 23, 2022.
             Was the Champion of Vehumet.
             Slain by a wolf spider (9 damage)
             ... on level 1 of the Spider Nest on Apr 25, 2022.
             The game lasted 02:34:35 (35042 turns).

Ijustatesigmund the Arsonist (DEFE)                Turns: 35042, Time: 02:34:37

HP:   -2/86 (88)    AC: 16    Str:  5    XL:     16   Next: 24%
MP:   39/45         EV: 12    Int: 35    God:    Vehumet [******]
Gold: 682           SH:  5    Dex: 15    Spells: 10/43 levels left

rFire   + + .      SeeInvis +   x - staff of fire
rCold   + . .      Faith    .   E - +0 buckler
rNeg    . . .      Spirit   .   c - +1 swamp dragon scales
rPois   +          Reflect  .   m - +1 helmet {SInv}
rElec   .          Harm     .   G - scarf {rC+ rF+}
rCorr   .          Rampage  .   s - +1 pair of gloves
Will    +....                   z - +1 pair of boots
Stlth   +++.......              d - amulet of regeneration
HPRegen 1.04/turn               v - ring of magical power
MPRegen 0.29/turn               H - +6 ring of intelligence

@: studying Ice Magic, lightly drained
A: no striking features
a: Renounce Religion


You were on level 1 of the Spider Nest.
You worshipped Vehumet.
Vehumet was exalted by your worship.
You visited 5 branches of the dungeon, and saw 25 of its levels.
You visited 1 bazaar.
You also visited: Sewer, Ossuary, Bailey and Ice Cave.

You collected 2988 gold pieces.
You spent 2306 gold pieces at shops.

Inventory:

Hand Weapons
 J - the +9 flail of Exchange {vorpal, *Slow Will+ rCorr Str+3}
   (You took it off a gnoll in a bailey)

   It inflicts extra damage upon your enemies.
   Str:       It affects your strength (+3).
   rCorr:     It protects you from acid and corrosion.
   *Slow:     It may slow you when you take damage.
   Will:      It increases your willpower.
Missiles
 T - a throwing net
Armour
 a - a +3 leather armour
 c - +1 swamp dragon scales (worn)
 h - a +1 kite shield of cold resistance
 m - a +1 helmet of see invisible (worn)
 s - a +1 pair of gloves (worn)
 y - the +1 cloak of Piept {rElec rN+ Stlth+}
   (You found it on level 6 of the Dungeon)

   rElec:     It insulates you from electricity.
   rN:        It protects you from negative energy.
   Stlth:     It makes you more stealthy.
 z - a +1 pair of boots (worn)
 E - a +0 buckler (worn)
 G - a scarf of resistance (worn)
 Z - the +4 skin of Zhor {*Englaciate rC+++ SInv}
   (You found it in an ice cave)

   It radiates cold, occasionally slowing all nearby creatures who are not
   resistant to cold.
   rC:        It renders you almost immune to cold.
   SInv:      It lets you see invisible.
Magical Staves
 x - a staff of fire (weapon)
Jewellery
 d - an amulet of regeneration (around neck)
 e - a +6 ring of strength
 v - a ring of magical power (left hand)
 H - a +6 ring of intelligence (right hand)
 N - an amulet of reflection
 P - a ring of fire
 R - a ring of protection from fire
Wands
 t - a wand of polymorph (18)
 w - a wand of flame (35)
 A - a wand of acid (11)
 D - a wand of digging (2)
 Q - a wand of iceblast (19)
 S - a wand of mindburst (15)
 Y - a wand of paralysis (10)
Scrolls
 o - 3 scrolls of fog
 p - a scroll of holy word
 B - a scroll of vulnerability
 C - 3 scrolls of enchant weapon
 F - 2 scrolls of silence
 K - 4 scrolls of teleportation
 M - 2 scrolls of magic mapping
 O - 6 scrolls of immolation
 V - 3 scrolls of summoning
 W - a scroll of brand weapon
 X - 3 scrolls of fear
Potions
 b - 4 potions of magic
 f - 4 potions of flight
 g - 8 potions of heal wounds
 i - 5 potions of curing
 j - 3 potions of resistance
 k - 3 potions of berserk rage
 l - 6 potions of might
 n - 3 potions of lignification
 q - 8 potions of attraction
 r - 5 potions of brilliance
 u - 8 potions of ambrosia
 I - 5 potions of mutation
 L - 6 potions of invisibility
 U - a potion of cancellation


   Skills:
 - Level 6.1 Fighting
 - Level 3.6 Staves
 - Level 5.6 Armour
 - Level 10.3 Dodging
 - Level 6.4 Stealth
 - Level 3.6 Shields
 + Level 14.2 Spellcasting
 + Level 14.5 Conjurations
 + Level 14.8 Fire Magic
 - Level 3.2 Ice Magic
 - Level 3.0 Air Magic
 + Level 13.6 Earth Magic
 - Level 6.3 Evocations


You had 10 spell levels left.
You knew the following spells:

 Your Spells              Type           Power      Damage    Failure   Level
a - Foxfire               Conj/Fire      100%       2x1d9     0%          1
b - Scorch                Fire           100%       2d10      1%          2
c - Stone Arrow           Conj/Erth      100%       3d13      1%          3
d - Flame Wave            Conj/Fire      100%       2d17      1%          4
e - Starburst             Conj/Fire      56%        6d15      1%          6
f - Freezing Cloud        Conj/Ice/Air   32%        6-21      3%          5
g - Iskenderun's Battles  Conj           91%        2d14      1%          5
h - Magic Dart            Conj           100%       1d8       0%          1
i - Iron Shot             Conj/Erth      44%        9d9       1%          6

Your spell library contained the following spells:

 Spells                   Type           Power      Damage    Failure   Level
 Ozocubu's Refrigeration  Ice            23%        4d9       98%         7
 Sandblast                Erth           100%       2d20      1%          1
 Shock                    Conj/Air       100%       1d9       1%          1
 Passwall                 Tmut/Erth      53%        N/A       1%          2
 Conjure Flame            Conj/Fire      100%       6-21      1%          3
 Inner Flame              Hex/Fire       86%        N/A       1%          3
 Lightning Bolt           Conj/Air       36%        1d54      1%          5
 Animate Armour           Summ/Erth      100%       N/A       4%          4
 Airstrike                Air            23%        N/A       7%          4
 Apportation              Tloc           48%        N/A       9%          1
 Beastly Appendage        Tmut           48%        N/A       9%          1
 Wereblood                Tmut           24%        N/A       13%         2
 Spider Form              Tmut/Pois      24%        N/A       26%         3
 Lehudib's Crystal Spear  Conj/Erth      44%        10d11     38%         8
 Summon Lightning Spire   Summ/Air       35%        N/A       41%         4
 Cause Fear               Hex            12%        N/A       63%         4
 Passage of Golubria      Tloc           24%        N/A       63%         4
 Spellforged Servitor     Conj/Summ      33%        N/A       63%         7
 Silence                  Hex/Air        17%        N/A       77%         5
 Alistair's Intoxication  Tmut/Pois      16%        N/A       93%         5
 Blade Hands              Tmut           12%        N/A       93%         5
 Fire Storm               Conj/Fire      56%        8d14      99%         9
 Discord                  Hex            12%        N/A       100%        8


Dungeon Overview and Level Annotations

Branches:
Dungeon (15/15)            Temple (1/1) D:5            Lair (6/6) D:10
 Shoals (0/4) Lair:3       Spider (1/4) Lair:2        Slime (0/5) Lair:5
    Orc (2/2) D:11            Elf (0/3) Orc:2        Vaults (0/5) D:14
 Depths (0/4) D:15          Sewer (visited)         Ossuary (visited)
 Bailey (visited)           IceCv (visited)

Altars:
Ashenzari
Cheibriados
Dithmenos
Elyvilon
Fedhas
Gozag
Hepliaklqana
Kikubaaqudgha
Makhleb
Nemelex Xobeh
Okawaru
Qazlal
Ru
Sif Muna
Trog
Uskayaw
Vehumet
Wu Jian
Xom
Yredelemnul
Zin
The Shining One
Beogh
Jiyva

Shops:
D:6 *   D:14 *   Orc:1 =   Orc:2 ::*!

Annotations:
D:14 4 transporters
Lair:2 2 transporters


Message History

Found four items.
There is a crawl-hole back to the Lair here.
There are monsters nearby!
Casting: Iron Shot (dangerous; 1% risk of failure)
Confirm with . or Enter, or press ? or * to list all spells.
Casting: Flame Wave (safe; 1% risk of failure)
Press: ? - help, Dir - look around, f - activate You feel a surge of power!
A wave of flame ripples out! (Press . to intensify the flame waves.)
The wolf spider hisses angrily.
You hear an angry hiss. x2
A wave of flame ripples out!
The flame wave engulfs the wolf spider!
The wolf spider is lightly wounded.
You hear an angry hiss.
The wolf spider hits you!
The wolf spider bites you but does no damage.
A wave of flame ripples out!
The flame wave engulfs the wolf spider!!
The wolf spider is heavily wounded.
The flame wave engulfs the wolf spider!!
The wolf spider is heavily wounded.
The flame wave engulfs the pharaoh ant!!
The pharaoh ant is severely damaged.
You hear an angry hiss.
The wolf spider hits you. You block the wolf spider's attack. x2
The wolf spider bites you but does no damage.
The pharaoh ant bites you!
You feel drained.
A wave of flame ripples out!
The flame wave engulfs the wolf spider.
The wolf spider is severely wounded.
The flame wave engulfs the wolf spider!
The wolf spider is severely wounded.
The flame wave engulfs the pharaoh ant!
The pharaoh ant is almost destroyed.
You finish channelling waves of flame.
You hear an angry hiss.
The wolf spider hits you. The wolf spider completely misses you.
You block the wolf spider's attack. The wolf spider bites you.
The pharaoh ant bites you!!
* * * LOW HITPOINT WARNING * * *
The wolf spider closely misses you. The wolf spider bites you!
You die...

.=...#.......
.#.!.........
.
...#......#.
..
...........
... ........
.... ?....
.^..
#..#^.#...
#.@s......
#.sB......
#...(.....
##......##
#.^..###
######


You could see 2 wolf spiders and a pharaoh ant.

Vanquished Creatures
  2 frost giants (IceCv)
  A white draconian (IceCv)
  Snorg (Orc:2)
  2 fire dragons (D:15)
  8 vault guards (D:14)
  7 ice dragons (IceCv)
  4 boulder beetles
  2 ogre magi (Orc:2)
  Erolcha (Orc:1)
  2 catoblepae
  A merfolk avatar (Lair:6)
  10 hydras
  5 centaur warriors
  The ghost of anet the Blocker, a novice MiBe of Trog (D:9)
  6 ironbound frosthearts (IceCv)
  12 two-headed ogres
  3 tengu warriors
  6 death yaks (Lair:6)
  Nergalle (D:10)
  An iron troll (Orc:2)
  3 sea snakes (Lair:6)
  A deep troll (Orc:2)
  The ghost of anet the Skirmisher, a novice MiBe of Trog (D:7)
  4 orc knights
  A lindwurm (Lair:2)
  A harpy (Lair:6)
  An orange crystal statue (IceCv)
  An orc sorcerer (Orc:1)
  6 ugly things
  6 cyclopes
  5 elephants (Lair:6)
  2 manticores
  3 black mambas
  2 gargoyles
  13 cane toads
  A torpor snail (Lair:5)
  5 komodo dragons
  An unseen horror (D:10)
  17 rime drakes
  4 kobold demonologists
  A freezing wraith (D:14)
  2 tengu conjurers
  10 trolls
  13 polar bears
  A hornet (Lair:6)
  4 wind drakes (Lair:6)
  2 dream sheep (Lair:5)
  Prince Ribbit (D:8)
  22 blink frogs
  7 slime creatures (D:13)
  2 centaur simulacra (D:10)
  2 shadows
  3 water elementals (D:13)
  A wraith (D:6)
  11 basilisks
  15 wyverns
  Grum (D:10)
  40 yaks
  7 vampire mosquitoes
  3 steam dragons
  3 redbacks (Lair:2)
  A warg (Orc:1)
  Duvessa (D:7)
  15 water moccasins
  22 orc warriors
  2 black bears
  8 ice beasts
  19 wolves
  21 ogres
  17 centaurs
  2 phantoms
  22 kobold brigands
  8 bullfrogs
  2 necrophages
  2 gnoll sergeants
  3 scorpions (D:6)
  Dowan (D:7)
  15 killer bees
  14 electric eels
  A vampire bat (D:4)
  10 howler monkeys
  6 hounds
  3 jellies
  19 orc priests
  17 orc wizards
  4 iguanas
  20 hell rats
  8 mummies (Ossuary)
  15 gnolls
  8 adders
  16 river rats
  8 white imps
  An ufetubus (D:6)
  2 worms (Sewer)
  3 dart slugs
  107 orcs
  17 bats
  7 endoplasms
  A giant cockroach (D:5)
  26 goblins
  21 hobgoblins
  A jackal (D:3)
  8 quokkas
  10 ball pythons
  3 frilled lizards
  A goblin zombie (D:4)
  3 hobgoblin zombies (Ossuary)
  42 kobolds
  2 kobold zombies (Ossuary)
  3 orc zombies (Ossuary)
  20 rats
  A rat zombie (D:4)
894 creatures vanquished.

Vanquished Creatures (collateral kills)
  3 orcs (D:4)
3 creatures vanquished.

Vanquished Creatures (others)
  A bush (Lair:1)
  963 foxfires
  34 fungi
  93 plants
1091 creatures vanquished.

Grand Total: 1988 creatures vanquished

Notes
Turn   | Place    | Note
-------+----------+-------------------------------------------
     0 | D:1      | Ijustatesigmund the Deep Elf Fire Elementalist began the
                  | quest for the Orb.
     0 | D:1      | Reached XP level 1. HP: 10/10 MP: 6/6
   235 | D:1      | Reached XP level 2. HP: 15/15 MP: 5/8
   738 | D:1      | Reached XP level 3. HP: 19/19 MP: 6/10
   785 | D:1      | Learned a level 2 spell: Scorch
  1439 | D:2      | Reached XP level 4. HP: 24/24 MP: 9/12
  1625 | D:2      | Found a faded altar of an unknown god.
  2181 | D:3      | Found a burning altar of Makhleb.
  2590 | D:3      | Noticed a phantom
  2598 | D:3      | Killed a phantom
  2599 | D:3      | Reached XP level 5. HP: 28/28 MP: 4/14
  3067 | D:3      | Reached skill level 5 in Spellcasting
  3153 | D:3      | Found a radiant altar of Vehumet.
  3298 | D:3      | Became a worshipper of Vehumet
  3430 | D:4      | Found a sand-covered staircase.
  3438 | Ossuary  | Entered an ossuary
  3610 | Ossuary  | Reached skill level 5 in Fire Magic
  3687 | Ossuary  | Reached XP level 6. HP: 32/32 MP: 12/16
  4080 | D:4      | Learned a level 3 spell: Stone Arrow
  4109 | D:4      | Reached * piety under Vehumet
  4109 | D:4      | Offered knowledge of Magic Dart by Vehumet.
  4806 | D:5      | Entered Level 5 of the Dungeon
  4854 | D:5      | Reached skill level 1 in Armour
  4896 | D:5      | Found a glowing drain.
  4911 | Sewer    | Entered a sewer
  4952 | Sewer    | Reached XP level 7. HP: 36/36 MP: 14/18
  5275 | Sewer    | Reached skill level 5 in Conjurations
  5498 | Sewer    | Offered knowledge of Static Discharge by Vehumet.
  5517 | Sewer    | Reached ** piety under Vehumet
  5929 | D:5      | Reached XP level 8. HP: 41/41 MP: 17/20
  6096 | D:5      | Reached skill level 1 in Earth Magic
  6190 | D:5      | Learned a level 4 spell: Flame Wave
  6271 | D:5      | Found a staircase to the Ecumenical Temple.
  6277 | Temple   | Entered the Ecumenical Temple
  6683 | D:6      | Found Irups's Gadget Gallery.
  6896 | D:6      | Found a shadowy altar of Dithmenos.
  6899 | D:6      | Found a hide-covered altar of Uskayaw.
  7004 | D:6      | Found a sparkling altar of Nemelex Xobeh.
  7021 | D:6      | Reached skill level 5 in Earth Magic
  7657 | D:6      | Offered knowledge of Dazzling Flash by Vehumet.
  7659 | D:6      | Identified the +1 cloak of Piept {rElec rN+ Stlth+}
  7893 | D:6      | Found a snail-covered altar of Cheibriados.
  7909 | D:6      | Reached XP level 9. HP: 45/45 MP: 16/22
  8387 | D:6      | Reached *** piety under Vehumet
  8770 | D:7      | Noticed Duvessa
  8770 | D:7      | Noticed Dowan
  8861 | D:7      | Offered knowledge of Iskenderun's Mystic Blast by Vehumet.
  8872 | D:7      | Killed Duvessa
  8883 | D:7      | Killed Dowan
  8956 | D:7      | Reached skill level 1 in Evocations
  9186 | D:7      | Found a flagged portal.
  9191 | Bailey   | Entered a bailey
  9307 | Bailey   | Reached **** piety under Vehumet
  9397 | Bailey   | Reached XP level 10. HP: 50/50 MP: 20/25
  9454 | Bailey   | Offered knowledge of Lightning Bolt by Vehumet.
  9574 | Bailey   | Identified the +9 flail of Exchange {vorpal, *Slow Will+
                  | rCorr Str+3}
  9689 | Bailey   | Identified the +6 bardiche "Elf's Doom" {vorpal, Str-5
                  | Int+10}
  9740 | Bailey   | Noticed an orc knight
  9752 | Bailey   | Killed an orc knight
  9767 | Bailey   | Noticed an orc warlord
  9894 | Bailey   | Noticed an orc knight
 10130 | D:7      | Identified the +5 fustibalus "Naam" {vorpal, Contam Str+4}
 10234 | D:7      | Reached skill level 1 in Shields
 10627 | D:7      | Found an iron altar of Okawaru.
 10782 | D:7      | Found a runed translucent gate.
 10783 | D:7      | Found a runed translucent gate.
 10784 | D:7      | Found a runed translucent gate.
 10784 | D:7      | Noticed anet's ghost (novice MiBe)
 10805 | D:7      | Killed anet's ghost
 10805 | D:7      | Reached ***** piety under Vehumet
 10809 | D:7      | Offered knowledge of Eringya's Noxious Bog by Vehumet.
 10897 | D:7      | Reached skill level 10 in Spellcasting
 10897 | D:7      | Reached skill level 5 in Evocations
 10897 | D:7      | Reached XP level 11. HP: 59/59 MP: 25/27
 11426 | D:8      | Noticed Prince Ribbit
 11855 | D:8      | Killed Prince Ribbit
 12682 | D:9      | Found a basalt altar of Yredelemnul.
 12936 | D:10     | Entered Level 10 of the Dungeon
 12937 | D:10     | Noticed a boulder beetle
 12968 | D:10     | Noticed Grum
 12974 | D:10     | Reached XP level 12. HP: 64/64 MP: 7/29
 12978 | D:10     | Reached skill level 10 in Earth Magic
 12979 | D:10     | Killed Grum
 12980 | D:10     | Reached skill level 10 in Fire Magic
 13261 | D:10     | Noticed Nergalle
 13272 | D:10     | Killed Nergalle
 13338 | D:10     | Found a runed translucent gate.
 13338 | D:10     | Found a runed translucent gate.
 13338 | D:10     | Found a runed translucent gate.
 13338 | D:10     | Noticed anet's ghost (novice MiBe)
 13346 | D:10     | Found a staircase to the Lair.
 13453 | D:9      | Killed anet's ghost
 13872 | D:10     | Reached skill level 10 in Conjurations
 14446 | D:9      | Killed a boulder beetle
 14664 | D:11     | Noticed an eight-headed hydra
 14756 | D:11     | Killed an eight-headed hydra
 14757 | D:11     | Reached skill level 5 in Dodging
 14827 | D:11     | Upgraded the game from 0.29-a0-352-g0917bc69df to
                  | 0.29-a0-355-g7276a9ff7f
 14855 | D:11     | Found a stormy altar of Qazlal.
 14876 | D:10     | Offered knowledge of Starburst by Vehumet.
 14884 | D:10     | Learned a level 6 spell: Starburst
 14952 | D:11     | Found a staircase to the Orcish Mines.
 15326 | D:11     | Found a large runed translucent door.
 15327 | D:11     | Found a large runed translucent door.
 15730 | D:11     | Noticed a two-headed ogre
 15926 | D:12     | Noticed a boulder beetle
 15935 | D:12     | Killed a boulder beetle
 16159 | D:12     | Found a bloodstained altar of Trog.
 16344 | D:12     | Noticed a five-headed hydra
 16354 | D:12     | Killed a five-headed hydra
 16355 | D:12     | Reached skill level 5 in Fighting
 16355 | D:12     | Reached skill level 5 in Stealth
 16473 | D:12     | Noticed a two-headed ogre
 16479 | D:12     | Killed a two-headed ogre
 16580 | D:12     | Reached XP level 13. HP: 73/73 MP: 19/31
 16877 | D:13     | Offered knowledge of Freezing Cloud by Vehumet.
 18414 | D:13     | Identified the +7 spear of the Muttering Gods {vorpal, MP+9
                  | Dex+4}
 19234 | D:11     | Found an iron altar of Okawaru.
 19234 | D:11     | Found an iron altar of Okawaru.
 19249 | D:11     | Reached skill level 10 in Dodging
 19482 | D:11     | Identified the +7 plate armour of Death's Door {Str+7
                  | Int+2}
 19542 | Lair:1   | Entered Level 1 of the Lair of Beasts
 19712 | Lair:1   | Learned a level 5 spell: Freezing Cloud
 19812 | Lair:1   | Identified a scroll of acquirement
 19812 | Lair:1   | Acquired the Disquisition on Attacks
 19822 | Lair:1   | Learned a level 5 spell: Iskenderun's Battlesphere
 20060 | Lair:1   | Learned a level 1 spell: Magic Dart
 20312 | Lair:1   | Reached skill level 1 in Ice Magic
 20312 | Lair:1   | Reached skill level 1 in Air Magic
 21535 | Lair:2   | Found a transporter.
 21537 | Lair:2   | Found a transporter.
 21584 | Lair:2   | Found a hole to the Spider Nest.
 22532 | Lair:3   | Found a staircase to the Shoals.
 23017 | Lair:3   | Reached XP level 14. HP: 80/80 MP: 25/33
 23550 | Lair:3   | Offered knowledge of Yara's Violent Unravelling by Vehumet.
 23904 | Lair:4   | You fall into a shaft and drop 1 floor!
 26520 | Lair:5   | Found a viscous altar of Jiyva.
 26521 | Lair:5   | Found a staircase to the Slime Pits.
 26564 | Lair:5   | Found a shimmering altar of Xom.
 26755 | Lair:6   | Entered Level 6 of the Lair of Beasts
 26850 | Lair:6   | Reached skill level 1 in Staves
 27150 | Lair:6   | Offered knowledge of Conjure Ball Lightning by Vehumet.
 28048 | Lair:6   | Learned a level 6 spell: Iron Shot
 28610 | Lair:6   | Reached XP level 15. HP: 84/84 MP: 10/35
 29001 | Orc:1    | Entered Level 1 of the Orcish Mines
 29232 | Orc:1    | Noticed Erolcha
 29235 | Orc:1    | Killed Erolcha
 29602 | Orc:1    | Reached ****** piety under Vehumet
 29633 | Orc:1    | Offered knowledge of Fireball by Vehumet.
 29824 | Orc:2    | Entered Level 2 of the Orcish Mines
 29854 | Orc:2    | Found a staircase to the Elven Halls.
 29923 | Orc:2    | Found a flickering gateway to a bazaar.
 29929 | Bazaar   | Entered a bazaar
 29929 | Bazaar   | Found Fumue's Book Emporium.
 29929 | Bazaar   | Found Wedde's Antique Armour Emporium.
 29965 | Bazaar   | Found Zifiega's Armour Shoppe.
 29965 | Bazaar   | Found Naecw's Antique Armour Shoppe.
 29992 | Bazaar   | Bought shiny swamp dragon scales for 1484 gold pieces
 30025 | Bazaar   | Bought a shiny helmet for 202 gold pieces
 30034 | Bazaar   | Bought a scarf of resistance for 320 gold pieces
 30404 | Orc:2    | Found Riloqoc's Assorted Antiques.
 30410 | Orc:2    | Found Idieb's Book Boutique.
 30475 | Orc:2    | Found Fesutedu's Distillery.
 30481 | Orc:2    | Found Laylias's Book Shop.
 30505 | Orc:2    | Bought a potion of resistance for 150 gold pieces
 30505 | Orc:2    | Bought a potion of heal wounds for 75 gold pieces
 30505 | Orc:2    | Bought a potion of heal wounds for 75 gold pieces
 30578 | Orc:1    | Noticed Snorg
 30585 | Orc:2    | Killed Snorg
 30785 | Orc:1    | Found Adiehul's Jewellery Shoppe.
 31221 | D:14     | Found a transporter.
 31223 | D:14     | Found a transporter.
 31246 | D:14     | Found a gate to the Vaults.
 31311 | D:14     | Found a frozen archway.
 31325 | IceCv    | Entered an ice cave
 31610 | IceCv    | Offered knowledge of Ozocubu's Refrigeration by Vehumet.
 31865 | IceCv    | Reached skill level 5 in Armour
 32429 | IceCv    | Reached XP level 16. HP: 88/88 MP: 18/36
 33054 | IceCv    | Found the +4 skin of Zhor {*Englaciate rC+++ SInv}
 33235 | D:14     | Found a transporter.
 33237 | D:14     | Found a transporter.
 33533 | D:14     | Found a transporter.
 33533 | D:14     | Found a transporter.
 33722 | D:14     | Found Mameo's Demolitions Depot.
 33868 | D:15     | Entered Level 15 of the Dungeon
 34331 | D:15     | Found a staircase to the Depths.
 35038 | Spider:1 | Entered Level 1 of the Spider Nest
 35042 | Spider:1 | Slain by a wolf spider

Illustrated notes

Levels and vault maps discovered:
D:1:      nicolae_arrival_washed_ashore, layout_loops_ring, st_stairs_7,
          corexii_leaking_fountain
D:2:      layout_basic, dreamdust_ecumenical_altar_sealed_demon,
          serial_bayou_ford_a
D:3:      minmay_evil_eye, layout_basic, mainiacjoe_overflow_alcove_4,
          bloody_makhleb, kennysheep_minor_cross
D:4:      layout_basic, enter_ossuary_4, roderic_batcave, st_stairs_7
D:5:      layout_loops_ring, minmay_temple_entry_enclosed_plants,
          cheibrodos_sewer_entry_drain
D:6:      wad_guarded_room, layout_loops_corners, mainiacjoe_overflow_brackets,
          lemuel_crystal_altar, chequers_temple_overflow_statue_of_worship,
          nicolae_shop_gadgets
D:7:      nicolae_cairo_tiling_large, layout_cave_pools,
          okawaru_altar_gauntlet_db, serial_glass, glass_columns_c,
          glass_columns_a, enter_bailey_3, gammafunk_ghost_nasty_kobolds,
          uniq_duvessa
D:8:      layout_loops_corners, grunt_decor_mini_mirrors, uniq_prince_ribbit1
D:9:      layout_gridville, kennysheep_little_box
D:10:     layout_loops_ring, lair_entry_dummy, gammafunk_ghost_icy, uniq_grum,
          uniq_nergalle
D:11:     okawaru_arena_lexackson, layout_gridville, hiddenorc2_lemuel,
          nicolae_qazlal_scattered_showers
D:12:     layout_loops_ring, trog_hazing_becter
D:13:     layout_basic
D:14:     layout_gridville, erik_vaults_2, portal_ice_cave_entry_pillars_2,
          minmay_misc_feat_five, minmay_misc_feat_tiny, nicolae_blasting_shop,
          serial_nicolae_subway, nicolae_sub_station_crystal,
          nicolae_sub_station_metal, nicolae_sub_station_stone
D:15:     grunt_enter_depths_hoard, layout_loops_ring
Temple:   eino_temple_lava
Lair:1:   layout_cave_pods
Lair:2:   gammafunk_boulding_lane, layout_long_grid, spider_nest_entry_webs,
          grunt_megastairs_5
Lair:3:   lemuel_ratsnest, layout_chaotic_city, minmay_shoals_entry_centaurs,
          hangedman_lair_unloving_vines
Lair:4:   layout_roguey [special_room_mythical_zoo], grunt_megastairs_2,
          lemuel_fruit_tree, infiniplex_staircase_pool
Lair:5:   layout_cave_pods, slime_altar_1, basic_altar
Lair:6:   gammafunk_lair_ancient_temple, layout_small_grid, serial_bayou_shore_a
Spider:1: layout_spider_delve
Orc:1:    layout_diamond_mine, serial_shops, nicolae_shop_crystal, basic_altar,
          minmay_orc_temple_b, uniq_erolcha, uniq_snorg
Orc:2:    st_orc_open, layout_caves, serial_shops, bzr_entry_safe, mines2_david

Skill      XL: |  1  2  3  4  5  6  7  8  9 10 11 12 13 14 15 |
---------------+----------------------------------------------+-----
Conjurations   | 2 3 4 5 7 8 9 10 12 14 | 14.5
Spellcasting   | 4 5 6 7 9 10 11 12 13 14 | 14.2
Fire Magic     | 4 5 6 8 9 10 11 13 14 | 14.8
Armour         | 1 2 5 |  5.6
Earth Magic    | 6 8 9 10 11 13 | 13.6
Evocations     | 2 5 6 |  6.3
Shields        | 3 |  3.6
Fighting       | 2 5 6 |  6.1
Dodging        | 5 10 | 10.3
Stealth        | 5 6 |  6.4
Ice Magic      | 2 3 |  3.2
Air Magic      | 2 3 |  3.0
Staves         | 3 |  3.6

Action                   |  1- 3 |  4- 6 |  7- 9 | 10-12 | 13-15 | 16-18 || total
-------------------------+-------+-------+-------+-------+-------+-------++-------
Melee: Dagger            |     2 |     4 |       |       |       |       ||     6
       Staff             |       |       |       |       |    18 |       ||    18
 Cast: Foxfire           |    85 |   187 |   161 |   132 |    41 |       ||   606
       Scorch            |       |     6 |    14 |     4 |    16 |     1 ||    41
       Stone Arrow       |       |       |    53 |   192 |   360 |     9 ||   614
       Flame Wave        |       |       |     2 |    25 |    22 |     3 ||    52
       Starburst         |       |       |       |     4 |    33 |     2 ||    39
       Magic Dart        |       |       |       |       |   306 |    10 ||   316
       Iskenderun's Batt |       |       |       |       |    83 |     8 ||    91
       Freezing Cloud    |       |       |       |       |     3 |       ||     3
       Iron Shot         |       |       |       |       |    45 |    25 ||    70
Evoke: Wand              |       |       |     2 |    17 |    17 |     1 ||    37
  Use: Scroll            |     1 |    11 |     3 |     7 |    22 |     2 ||    46
       Potion            |       |       |       |     7 |    10 |     6 ||    23
Armor: Robe              |     2 |     3 |       |       |       |       ||     5
       Leather armour    |       |     8 |    13 |    45 |    43 |     1 ||   110
       Animal skin       |       |       |       |       |       |     8 ||     8
       Swamp dragon scal |       |       |       |       |       |     2 ||     2
Dodge: Dodged            |     6 |    22 |    28 |    86 |   129 |    19 ||   290
Block: Buckler           |       |       |       |    30 |    45 |     4 ||    79

Table legend: (Time is in decaauts)
 A = Elapsed time spent in this place.
 B = Non-inter-level travel time spent in this place.
 C = Inter-level travel time spent in this place.
 D = Time resting spent in this place.
 E = Time spent auto-exploring this place.
 F = Levels seen in this place.
 G = Mean time per level.
                   A        B        C        D        E       F      G
               +--------+--------+--------+--------+--------+-----+--------+
         Total |  35292 |  34013 |   1279 |   8551 |  20014 |  30 | 1176.4 |
       Dungeon |  19540 |  18670 |    870 |   4719 |  11227 |  15 | 1302.7 |
        Temple |     63 |     54 |      9 |      0 |     47 |   1 |   63.0 |
          Lair |   9381 |   9074 |    307 |   2174 |   5796 |   6 | 1563.5 |
   Spider Nest |      3 |      3 |      0 |      0 |      0 |   1 |    3.0 |
  Orcish Mines |   2017 |   1927 |     90 |    204 |   1296 |   2 | 1008.5 |
        Bazaar |    113 |    113 |      0 |      0 |     46 |   1 |  113.0 |
         Sewer |   1168 |   1168 |      0 |    151 |    778 |   1 | 1168.0 |
       Ossuary |    471 |    471 |      0 |    185 |    171 |   1 |  471.0 |
        Bailey |    675 |    675 |      0 |    226 |    118 |   1 |  675.0 |
      Ice Cave |   1855 |   1855 |      0 |    891 |    534 |   1 | 1855.0 |
               +--------+--------+--------+--------+--------+-----+--------+

Top non-repeatable levels by time:
    D:13: 2222 daAuts
  Lair:6: 2156 daAuts
     D:6: 2009 daAuts
   IceCv: 1855 daAuts
    D:11: 1780 daAuts
  Lair:4: 1590 daAuts
  Lair:3: 1559 daAuts
     D:7: 1509 daAuts
    D:10: 1504 daAuts
  Lair:1: 1418 daAuts
  Lair:2: 1379 daAuts
     D:3: 1357 daAuts
  Lair:5: 1276 daAuts
     D:8: 1230 daAuts
   Sewer: 1168 daAuts
